[Event "GrandPrix_29.05"]
[Site "Chess.com"]
[Date "2020.05.29"]
[Round "6"]
[White "BairaKovanova"]
[Black "Olga_Girya"]
[Result "1-0"]
[WhiteElo "2255"]
[BlackElo "2174"]
[TimeControl "600+2"]
[EndTime "12:00:58 PDT"]
[Termination "BairaKovanova won on time"]

1. e4 c6 2. d4 d5 3. Nc3 dxe4 4. Nxe4 Nf6 5. Ng3 h5 6. h4 g6 7. Bg5 Bg7 8. Qd2 Qd5 9. Nf3 Nbd7 10. Be2 b5 11.
O-O O-O 12. Rfe1 a6 13. b3 c5 14. c4 Qb7 15. Ne5 Nxe5 16. dxe5 Ng4 17. Bf3 Qa7 18. Bxa8 Qxa8 19. Bxe7 Re8 20. Bf6 Bh6 21. Bg5 Bg7 22.
Ne4 Bb7 23. f3 Nxe5 24. Nf6+ Bxf6 25. Bxf6 Bxf3 26. Qh6 1-0

[Event "GrandPrix_29.05"]
[Site "Chess.com"]
[Date "2020.05.29"]
[Round "6"]
[White "BMOchsner"]
[Black "titan013"]
[Result "1-0"]
[WhiteElo "2226"]
[BlackElo "2190"]
[TimeControl "600+2"]
[EndTime "12:01:01 PDT"]
[Termination "BMOchsner won by checkmate"]

1. e4 c5 2. Nf3 d6 3. d4 cxd4 4. Nxd4 Nf6 5. Nc3 a6 6. h3 e6 7. g4 Be7 8. g5 Nfd7 9. h4 b5 10. Bg2 Bb7 11. O-O Nc6 12. Be3 Rc8 13. Nxc6 Bxc6 14.
f4 h6 15. Qf3 hxg5 16. hxg5 g6 17. Rae1 b4 18. Nd5 exd5 19. exd5 Bb5 20. Rf2 O-O 21. Qh3 Rc4 22. Bf1 Nf6 23. gxf6 Bxf6 24. Bxc4 Bxc4 25. Rh2 Re8 26. Qh7+ Kf8 27. f5 Rxe3 28.
Qh6+ Bg7 29. Qxe3 g5 30. f6 Bxf6 31. Rf2 Bxd5 32. Qd3 Bc6 33. Qf5 Kg7 34. Ref1 Bd4 35. Qxf7+ Kh6 36. Qe6+ Kg7 37. Qf7+ Kh6 38. c3 bxc3 39.
bxc3 Bc5 40. Kh2 Bxf2 41. Rxf2 g4 42. Rf6+ Kg5 43. Qg6+ Kh4 44. Qh6# 1-0

[Event "GrandPrix_29.05"]
[Site "Chess.com"]
[Date "2020.05.29"]
[Round "6"]
[White "IMTominho"]
[Black "bedgasm"]
[Result "0-1"]
[WhiteElo "2063"]
[BlackElo "2242"]
[TimeControl "600+2"]
[EndTime "12:01:02 PDT"]
[Termination "bedgasm won by resignation"]

1. d4 f5 2. Nf3 e6 3. g3 b6 4. Bg2 Bb7 5. O-O Nf6 6. c4 c5 7. d5 exd5 8. Nh4 g6 9. Nc3 Ne4 10. Nxd5 Bg7 11. f3 Nf6 12. Bg5 Bxd5 13. cxd5 d6 14. e4 fxe4 15. f4 O-O 16. f5 h6 17.
Bxf6 Qxf6 18. Nxg6 Qd4+ 19. Kh1 Qxd1 20. Raxd1 Rf7 21.
Bxe4 Bxb2 22. g4 Nd7 23. h4 Re8 24. Bb1 Ne5 25. Nxe5 Rxe5 26. Rd2 Bd4 27. g5 hxg5 28. hxg5 Rh7+ 29. Rh2 Rxh2+ 30. Kxh2 c4 31. Kh3 c3 32. Kg4 Re2 33. Rf4 Rg2+ 34. Kh3 Rd2 35. f6 Be3 36. Bh7+ Kxh7 37. f7 Rh2+ 38. Kg4 Rg2+ 39. Kf3 Rf2+ 40. Kxe3 Rxf4 41. Kxf4 Kg7 0-1

[Event "GrandPrix_29.05"]
[Site "Chess.com"]
[Date "2020.05.29"]
[Round "6"]
[White "redblizzard"]
[Black "BogdanBelyakov89"]
[Result "0-1"]
[WhiteElo "1929"]
[BlackElo "2243"]
[TimeControl "600+2"]
[EndTime "12:01:02 PDT"]
[Termination "BogdanBelyakov89 won by checkmate"]

1. e4 e5 2. Nf3 Nc6 3. Nc3 Nf6 4. d4 exd4 5. Nxd4 Bb4 6. Nxc6 bxc6 7. Bd3 d5 8. exd5 cxd5 9. O-O O-O 10. h3 c6 11. Qf3 Re8 12. Bg5 Bd6 13. Rfe1 Be5 14. Re2 Bd7 15. Rae1 Qc7 16. Bxf6 Bxf6 17. Qf5 Kf8 18.
Qxh7 g6 19. Qh6+ Bg7 20. Qh4 Qb6 21. Re7 Be6 22. R1xe6 fxe6 23. Rd7 Qd4 24. Qg3 Qe5 25. Qxg6 Re7 26. Rxe7 Kxe7 27. Ne2 Rf8 28. g3 Qf6 29. Nf4 Bh6 30. Qh7+ Kd6 31. Qxa7 Bxf4 32. Qa3+ c5 33. gxf4 Qxf4 34. Qa6+ Ke5 35. Kf1 Qxf2# 0-1

[Event "GrandPrix_29.05"]
[Site "Chess.com"]
[Date "2020.05.29"]
[Round "6"]
[White "KJakubowski"]
[Black "vladislavkovalev"]
[Result "0-1"]
[WhiteElo "2541"]
[BlackElo "2747"]
[TimeControl "600+2"]
[EndTime "12:01:04 PDT"]
[Termination "vladislavkovalev won on time"]

1. d4 Nf6 2. Nf3 e6 3. Bg5 d5 4. e3 c5 5. c3 Qb6 6. Qb3 Ne4 7. Bf4 Nc6 8. Nbd2 Nxd2 9. Nxd2 Qxb3 10. axb3 Bd7 11.
Be2 f6 12. O-O Kf7 13. Bg3 Be7 14. dxc5 Bxc5 15. b4 Bb6 16. Bd6 e5 17. Nb3 Be6 18. Nc5 Bxc5 19. bxc5 a6 20. Ra3 h5 21. Rb3 Ra7 22. Rb6 h4 23. h3 Ne7 24. Bxe7 Kxe7 25.
Ra1 Bd7 26. Ra5 Bc6 27. b4 Rha8 28. Bd1 Rc8 29. Bb3 Raa8 30. Ba4 Bxa4 31. Rxa4 Rc7 32.
Kf1 Rd8 33. Ke2 d4 34. cxd4 exd4 35. e4 d3+ 36. Kd2 Rd4 37. f3 Rcd7 38. Ra3 Kd8 39. Rb3 Kc7 40. Re6 Rc4 41. Rb2 Rcd4 42. Rb6 Rc4 43. Re6 Rcd4 44. Rb6 f5 45. exf5 R4d5 46. Re6 Rxf5 47. Re4 Rg5 48. Kc3 a5 49. Rd2 Kc6 50. Rxh4 axb4+ 51. Rxb4 Rxc5+ 52. Kb3 b5 53. h4 Re5 54. Rg4 Re1 55. Rg6+ Kc5 0-1

[Event "GrandPrix_29.05"]
[Site "Chess.com"]
[Date "2020.05.29"]
[Round "6"]
[White "Gurvich_Vitaly"]
[Black "AmilAbbasov"]
[Result "1-0"]
[WhiteElo "2434"]
[BlackElo "2241"]
[TimeControl "600+2"]
[EndTime "12:01:10 PDT"]
[Termination "Gurvich_Vitaly won by resignation"]

1. e4 c5 2. Nf3 Nc6 3. d4 cxd4 4. Nxd4 g6 5. c4 Bg7 6. Be3 Nf6 7. Nc3 O-O 8. Be2 b6 9. O-O Bb7 10. f3 e6 11. Qd2 d5 12. Nxc6 Bxc6 13. cxd5 exd5 14.
e5 Ne8 15. f4 f6 16. Bf3 Nc7 17. exf6 Bxf6 18. Rad1 Qd7 19. g3 Rad8 20. Ne2 Rfe8 21. Nd4 Bb7 22. Rfe1 Nb5 23. Nxb5 Qxb5 24. Bd4 Bxd4+ 25.
Qxd4 Qd7 26. Re5 Rxe5 27. Qxe5 Qf5 28. Qxf5 gxf5 29. Rc1 Rd7 30. Kf2 Kf7 31. h3 Kf6 32. g4 fxg4 33. hxg4 d4 34. Bxb7 Rxb7 35. Rc6+ Ke7 36.
Rh6 Kd8 37. Rd6+ Ke7 38. Rxd4 Ke6 39. Re4+ Kd5 40. Re2 b5 41. Kg3 b4 42. f5 a5 43. Kf4 a4 44. g5 b3 45. axb3 axb3 46. f6 Kd6 47. Re3 Rb4+ 48. Kf5 Rb5+ 49. Kg4 Rb7 50. Kh5 Kd5 51. Re7 Rb4 52. Rxh7 Rf4 53.
Rd7+ Ke6 54. Rd3 Rb4 55. Kg6 1-0

[Event "GrandPrix_29.05"]
[Site "Chess.com"]
[Date "2020.05.29"]
[Round "6"]
[White "FLamps8"]
[Black "ArnaudovP"]
[Result "1-0"]
[WhiteElo "2238"]
[BlackElo "2289"]
[TimeControl "600+2"]
[EndTime "12:01:12 PDT"]
[Termination "FLamps8 won by checkmate"]

1. d4 Nf6 2. Bf4 d5 3. Nc3 e6 4.
e3 Bb4 5. Ne2 O-O 6. a3 Be7 7.
Ng3 a6 8. Bd3 c5 9. dxc5 Bxc5 10.
e4 e5 11. Bg5 h6 12. Bxf6 Qxf6 13. O-O d4 14. Nd5 Qd8 15. b4 Bd6 16. Nf5 Re8 17. Nxd6 Qxd6 18. c4 dxc3 19. Rc1 Be6 20. Rxc3 Bxd5 21.
Bc4 Qc7 22. Qxd5 Nc6 23. Qc5 Qd7 24. Bd5 Nd4 25. Qc7 Rad8 26. Re1 Re7 27. Qxd7 Rdxd7 28. Kf1 g6 29. a4 b6 30. Rec1 Kg7 31. Rc8 a5 32. b5 Ne6 33. R1c6 Nf4 34. Rxb6 Nxd5 35.
exd5 Rxd5 36. Ra6 Red7 37. Rc2 Rd1+ 38. Ke2 Ra1 39. Rxa5 Rd4 40. b6 Raxa4 41. Rxa4 Rxa4 42. Rb2 Ra8 43. b7 Rb8 44. Kd3 Kf6 45. Ke4 Ke6 46. Rb6+ Kd7 47. Kxe5 Kc7 48. Rb2 Kd7 49. Kf6 Ke8 50.
Re2+ Kf8 51. Rc2 Rxb7 52. Rc8# 1-0

[Event "GrandPrix_29.05"]
[Site "Chess.com"]
[Date "2020.05.29"]
[Round "6"]
[White "larrylarsen"]
[Black "kosmeg"]
[Result "0-1"]
[WhiteElo "1174"]
[BlackElo "2043"]
[TimeControl "600+2"]
[EndTime "12:01:12 PDT"]
[Termination "kosmeg won on time"]

1. d4 Nf6 2. c4 e6 3. Nf3 Bb4+ 4. Bd2 a5 5. g3 d6 6. Bg2 Nbd7 7. O-O e5 8. Nc3 O-O 9. Qc2 Re8 10. Rfe1 exd4 11.
Nxd4 Bc5 12. e3 Ne5 13. h3 Nxc4 14. Rad1 Nxd2 15. Rxd2 c6 16. e4 Qe7 17. Red1 Bd7 18. a3 Rad8 19. Nb3 Be6 20. Nxa5 Bc8 21. b4 Ba7 22.
Nc4 Bb8 23. Qd3 Bc7 24. Qd4 h5 25. Qa7 Nh7 26. Na5 h4 27. g4 d5 28. Qe3 Qf6 29.
Qf3 Qxf3 30. Bxf3 Ng5 31. Bg2 Bf4 32. Rd4 Ne6 33. R4d3 dxe4 0-1

[Event "GrandPrix_29.05"]
[Site "Chess.com"]
[Date "2020.05.29"]
[Round "6"]
[White "VSERGUEI"]
[Black "Gordima"]
[Result "1/2-1/2"]
[WhiteElo "2429"]
[BlackElo "2319"]
[TimeControl "600+2"]
[EndTime "12:01:20 PDT"]
[Termination "Game drawn by repetition"]

1. d4 Nf6 2. c4 b6 3. Nc3 Bb7 4. Qc2 d5 5. cxd5 Nxd5 6. Nf3 g6 7. e4 Nxc3 8. bxc3 Bg7 9. Bb5+ Nd7 10. O-O O-O 11. Re1 c5 12. d5 a6 13. Bxd7 Qxd7 14.
Rb1 e6 15. c4 b5 16. Bb2 f6 17.
dxe6 Qxe6 18. cxb5 axb5 19. Qxc5 Qxa2 20. Qxb5 Bxe4 21. Ra1 Qd5 22. Qxd5+ Bxd5 23. Rxa8 Rxa8 24. Ra1 Rb8 25. Bd4 g5 26. h4 g4 27. Nh2 Rb4 28. Rd1 Be6 29. Nf1 Kf7 30. Ne3 Bf8 31. g3 f5 32. Ng2 Bd5 33. Bc3 Rb5 34. Nf4 Bf3 35. Re1 Be4 36. Bd4 Bb4 37. Ra1 Bd2 38. Be3 Bxe3 39. fxe3 Bb7 40. Ra2 Rb1+ 41. Kf2 Kf6 42.
Ne2 Rh1 43. Ra5 Rh2+ 44. Kf1 Rh3 45. Nf4 Rh1+ 46. Kf2 Rh2+ 47. Kf1 Rb2 48. Nh5+ Kg6 49. Nf4+ Kf6 50. Nh5+ Ke6 51. Nf4+ Kf6 1/2-1/2

[Event "GrandPrix_29.05"]
[Site "Chess.com"]
[Date "2020.05.29"]
[Round "6"]
[White "Alexander_Donchenko"]
[Black "Arm-Akiba"]
[Result "1/2-1/2"]
[WhiteElo "2789"]
[BlackElo "2867"]
[TimeControl "600+2"]
[EndTime "12:01:21 PDT"]
[Termination "Game drawn by repetition"]

1. Nf3 d5 2. g3 Bg4 3. Bg2 e6 4. h3 Bh5 5. O-O c6 6. c4 Nf6 7. d4 Be7 8. Ne5 Nbd7 9. Nc3 O-O 10. g4 Bg6 11. Nxg6 hxg6 12. b3 Bb4 13. Qc2 Bxc3 14.
Qxc3 Ne4 15. Qe3 f5 16. f3 f4 17. Qd3 Ng3 18. Rf2 e5 19. cxd5 cxd5 20. Qb5 exd4 21.
Qxd5+ Kh7 22. Qxd4 Nb6 23. Bb2 Qe7 24. Re1 Rad8 25.
Qe5 Qxe5 26. Bxe5 Nd5 27. e3 Rfe8 28. e4 Rxe5 29. Rd1 g5 30. Rfd2 Kg6 31. Kf2 Kf6 32. exd5 Rd6 33. Bf1 Nxf1 34. Kxf1 b6 35. Kf2 a5 36.
Rd3 Kf7 37. Rd4 Kg6 38. R1d3 Kh7 39. Rd2 Kg6 40. R2d3 Kh7 41. Rd2 Kg6 42. R2d3 1/2-1/2

[Event "GrandPrix_29.05"]
[Site "Chess.com"]
[Date "2020.05.29"]
[Round "6"]
[White "Kiril1965"]
[Black "Igrok3069"]
[Result "0-1"]
[WhiteElo "2587"]
[BlackElo "2685"]
[TimeControl "600+2"]
[EndTime "12:01:29 PDT"]
[Termination "Igrok3069 won by resignation"]

1. c4 c6 2. Nf3 d5 3. g3 dxc4 4. Bg2 Bf5 5. Na3 b5 6. b3 Be4 7. bxc4 b4 8. Nc2 c5 9. O-O Nf6 10. d3 Bb7 11. a3 a5 12. axb4 axb4 13. Rxa8 Bxa8 14. Be3 e6 15. d4 Be4 16. Ne5 Bxg2 17. Kxg2 Bd6 18. Nd3 cxd4 19. Nxd4 O-O 20. Qb3 Qd7 21.
Nb5 Na6 22. Ra1 Be7 23. Kg1 Qb7 24. Bd2 Ne4 25. Bxb4 Nxb4 26. Nxb4 Nd2 27. Qc3 Bf6 28. Qxd2 Bxa1 29. Qd6 Bf6 30. Qd3 Ra8 31. f3 Qb6+ 32. Kg2 h5 33. Nc2 Rd8 34. Qe3 Qxe3 35. Nxe3 Rd2 36.
Kf2 Be7 37. Nc3 Rb2 38. f4 Bc5 39. Ne4 Bd4 40. c5 Rb3 41. c6 Bxe3+ 42. Kg2 Bb6 0-1

[Event "GrandPrix_29.05"]
[Site "Chess.com"]
[Date "2020.05.29"]
[Round "6"]
[White "sahidi"]
[Black "etserga"]
[Result "1-0"]
[WhiteElo "2168"]
[BlackElo "2093"]
[TimeControl "600+2"]
[EndTime "12:01:36 PDT"]
[Termination "sahidi won by checkmate"]

1. e4 c6 2. Nf3 d5 3. Nc3 dxe4 4.
Nxe4 Nf6 5. Qe2 Nxe4 6. Qxe4 Qa5 7. Bc4 Qf5 8. d3 Qxe4+ 9. dxe4 g6 10. c3 Bg7 11.
Bf4 Nd7 12. h3 Nc5 13. Nd2 b5 14. Be2 Bb7 15. Be3 Na4 16. Rb1 Bc8 17. Nb3 Be6 18. O-O O-O 19. Rfd1 f5 20. exf5 gxf5 21. Bf3 f4 22.
Bd4 Bf5 23. Bxc6 e5 24. Bxa8 Rxa8 25. Bc5 Bc2 26. Rdc1 Bxb3 27. axb3 Nxc5 28. b4 Nb3 29. Rd1 e4 30. Rd7 a5 31. bxa5 Nxa5 32.
Ra1 e3 33. fxe3 fxe3 34. Re7 Bf8 35. Re4 Rd8 36. Rxa5 Rd1+ 37. Kh2 Bd6+ 38. g3 Rd2+ 39. Kh1 e2 40. Ra8+ Kf7 41. Rae8 Rxb2 42. Rxe2 Rb3 43.
R8e3 Bc5 44. Rf3+ Kg7 45. Kg2 Rb1 46. h4 Kg6 47. Re6+ Kg7 48. Rf5 Rb2+ 49. Kh3 Bg1 50. Rd5 Kf7 51. Rh6 Kg7 52. Rc6 Kf7 53. Rd7+ Ke8 54.
Rxh7 Kd8 55. Rg6 Rh2+ 56. Kg4 b4 57. Rg8# 1-0

[Event "GrandPrix_29.05"]
[Site "Chess.com"]
[Date "2020.05.29"]
[Round "6"]
[White "Sanan_Sjugirov"]
[Black "AlexVanGog"]
[Result "0-1"]
[WhiteElo "2713"]
[BlackElo "2581"]
[TimeControl "600+2"]
[EndTime "12:01:38 PDT"]
[Termination "AlexVanGog won by resignation"]

1. Nf3 d5 2. d4 Nf6 3. Bf4 e6 4.
e3 c5 5. Nbd2 Nc6 6. c3 Be7 7.
Bd3 Nh5 8. Be5 f6 9. Bg3 g6 10. Qe2 O-O 11. dxc5 Bxc5 12. e4 d4 13. e5 dxc3 14.
bxc3 f5 15. Nc4 Qe7 16. Bh4 Qg7 17. Bg5 b5 18. Ncd2 h6 19. Be3 Nxe5 20. Nxe5 Qxe5 21.
Bxh6 Nf4 22. Bxf4 Qxf4 23. Bxb5 Bb7 24. O-O Kg7 25. Rfe1 Rh8 26. Nf1 Be4 27. Rad1 Rxh2 28. Nxh2 Rh8 29. Rd7+ Kf6 30. Nf3 Qh6 0-1

[Event "GrandPrix_29.05"]
[Site "Chess.com"]
[Date "2020.05.29"]
[Round "6"]
[White "Kezin_Roman"]
[Black "Chessialist"]
[Result "1-0"]
[WhiteElo "2706"]
[BlackElo "2512"]
[TimeControl "600+2"]
[EndTime "12:01:40 PDT"]
[Termination "Kezin_Roman won by resignation"]

1. d4 Nf6 2. c4 e6 3. g3 d5 4. Bg2 Be7 5. Nf3 O-O 6. O-O dxc4 7. Qc2 a6 8. a4 b6 9. Bg5 Bb7 10. Bxf6 Bxf6 11. Qxc4 Nc6 12. e3 Rc8 13. b4 Ne7 14. b5 Qd5 15. Qe2 Qh5 16. bxa6 Ba8 17. Nbd2 c5 18. Rac1 cxd4 19. exd4 Nd5 20. a5 bxa5 21.
Qb5 Qh6 22. Rxc8 Rxc8 23. a7 Ne7 24. Nc4 Rf8 25. Nb6 Bc6 26. Qxa5 Nf5 27. Ne5 Bxg2 28. Kxg2 Bxe5 29. a8=Q Nxd4 30. Nd7 Bd6 31. Nxf8 1-0

[Event "GrandPrix_29.05"]
[Site "Chess.com"]
[Date "2020.05.29"]
[Round "6"]
[White "viktorko131"]
[Black "matej2221"]
[Result "0-1"]
[WhiteElo "2157"]
[BlackElo "2195"]
[TimeControl "600+2"]
[EndTime "12:01:42 PDT"]
[Termination "matej2221 won by resignation"]

1. e4 e5 2. Nf3 Nc6 3. Bb5 a6 4. Ba4 Nge7 5. O-O g6 6. c3 Bg7 7. d4 exd4 8. cxd4 b5 9. Bb3 O-O 10. Nc3 d6 11. h3 Na5 12. Bc2 c5 13. Bf4 cxd4 14. Nxd4 Bb7 15. b3 Rc8 16. Nce2 d5 17.
exd5 Qxd5 18. f3 Rfd8 19. Be3 Qe5 20. Bf2 Nd5 21. Be4 Nc3 22. Nxc3 Rxc3 23. Qe1 b4 24. Bxb7 Nxb7 25. Rd1 Qxe1 26. Rfxe1 Nc5 27. Nc6 Rxd1 28.
Rxd1 Nd3 29. Ne7+ Kf8 30. Nd5 Nxf2 31. Nxc3 Nxd1 32. Nxd1 Bd4+ 33. Kf1 Ke7 34. Ke2 Kd6 35. Ne3 Bxe3 36. Kxe3 Ke5 37. g4 h5 38. f4+ Kd5 39. Kd3 hxg4 40. hxg4 f6 41. Ke3 g5 42. fxg5 fxg5 43. Kd3 a5 44. Ke3 Ke5 45. Kf3 Kd4 46.
Kg3 Ke3 47. Kg2 Kf4 48. Kh3 Kf3 0-1

[Event "GrandPrix_29.05"]
[Site "Chess.com"]
[Date "2020.05.29"]
[Round "6"]
[White "Mikhail_Golubev"]
[Black "dosto07"]
[Result "1-0"]
[WhiteElo "2031"]
[BlackElo "1895"]
[TimeControl "600+2"]
[EndTime "12:01:44 PDT"]
[Termination "Mikhail_Golubev won by resignation"]

1. e4 e5 2. Nf3 Nc6 3. Nc3 Nf6 4.
d4 exd4 5. Nxd4 Bb4 6. Nxc6 bxc6 7. Bd3 d5 8. Bd2 O-O 9. O-O Rb8 10. exd5 cxd5 11.
Re1 Re8 12. Rxe8+ Qxe8 13. Bg5 Bxc3 14. bxc3 Ne4 15. Bf4 Qe7 16. c4 Be6 17. cxd5 Bxd5 18. Qe1 Re8 19. Qa5 Qf6 20. Rf1 c6 21. Be3 h5 22. c4 h4 23. cxd5 h3 24. Bxe4 Rxe4 25.
dxc6 Rg4 26. Qd5 Rxg2+ 27. Kh1 Qc3 28. Rc1 Qb2 29. c7 Rxf2 30. c8=Q+ Kh7 31. Qxh3+ 1-0

[Event "GrandPrix_29.05"]
[Site "Chess.com"]
[Date "2020.05.29"]
[Round "6"]
[White "Flawless_Fighter"]
[Black "v-kazakouski"]
[Result "0-1"]
[WhiteElo "2216"]
[BlackElo "2444"]
[TimeControl "600+2"]
[EndTime "12:01:45 PDT"]
[Termination "v-kazakouski won on time"]

1. e4 c5 2. Nf3 a6 3. c4 Nc6 4. d4 cxd4 5. Nxd4 e5 6. Nf5 d6 7. Nc3 g6 8. Ne3 Bh6 9. Be2 Be6 10. O-O Nf6 11. b3 O-O 12. Nc2 Bxc1 13. Rxc1 Qa5 14. Qd3 Rac8 15. Rfd1 Rfd8 16. a3 Qb6 17. b4 Kg7 18. h3 a5 19. Nd5 Bxd5 20. cxd5 Nb8 21. Rb1 Rc7 22. Ne3 Rdc8 23. bxa5 Qxa5 24.
Rb5 Qa7 25. Qb1 Nbd7 26. Bf3 Nc5 27. Qb4 Ra8 28. Nc4 Ncxe4 29. Nb6 Nc3 30. Nxa8 Qxa8 31.
Ra5 Qd8 32. Re1 e4 33. Bxe4 Ncxe4 34. Rxe4 Nxe4 35. Kh2 Nc5 36. Qd4+ Qf6 0-1

[Event "GrandPrix_29.05"]
[Site "Chess.com"]
[Date "2020.05.29"]
[Round "6"]
[White "NikolaN98"]
[Black "Angry_Twin"]
[Result "0-1"]
[WhiteElo "2275"]
[BlackElo "2522"]
[TimeControl "600+2"]
[EndTime "12:01:49 PDT"]
[Termination "Angry_Twin won by resignation"]

1. e4 c5 2. Nc3 d6 3. f4 g6 4. Nf3 Bg7 5. Bb5+ Bd7 6. Bc4 Nc6 7.
O-O e6 8. d3 Nge7 9. Qe1 a6 10.
a4 Nd4 11. Nxd4 cxd4 12. Ne2 d5 13. Bb3 dxe4 14. dxe4 d3 15. Ng3 dxc2 16. Bxc2 Rc8 17. Qf2 Qc7 18. Bb3 O-O 19. Be3 Qa5 20. Rfd1 Bc6 21. Rd3 Rfd8 22. Rxd8+ Qxd8 23. Rd1 Qe8 24. Ra1 Rd8 25. f5 exf5 26. exf5 Nd5 27. Bg5 Rc8 28. fxg6 hxg6 29. Re1 Qd7 30. Ne4 Re8 31. h3 Re6 32. Re2 Bxa4 33. Bxa4 Qxa4 34. Nf6+ Bxf6 35. Rxe6 Bxg5 36.
Re5 Be3 37. Rxe3 Nxe3 38. Qxe3 Qa1+ 39. Kh2 Qxb2 40. h4 Kg7 41. h5 Qf6 42. g4 Qh4+ 43. Kg2 Qxg4+ 44. Kf1 Qxh5 45. Qd4+ Kh7 46. Qc4 Qf5+ 47.
Kg2 b5 48. Qc6 Qg5+ 49. Kf2 Kg7 50. Qxa6 Qf6+ 0-1

[Event "GrandPrix_29.05"]
[Site "Chess.com"]
[Date "2020.05.29"]
[Round "6"]
[White "Artur0208"]
[Black "SavelijTartakover"]
[Result "0-1"]
[WhiteElo "2320"]
[BlackElo "2484"]
[TimeControl "600+2"]
[EndTime "12:01:53 PDT"]
[Termination "SavelijTartakover won on time"]

1. d4 d5 2. c4 c6 3. Nc3 Nf6 4. Nf3 dxc4 5. a4 Bf5 6. Ne5 e6 7. Nxc4 Bb4 8. Bg5 O-O 9. e3 Nbd7 10. Be2 c5 11. O-O cxd4 12. Qxd4 Nc5 13. Nd6 Bxc3 14. Qxc5 Bxb2 15. Ra2 b6 16. Qc6 Be5 17. Nxf5 exf5 18. f4 Rc8 19. Qb7 Rc7 20. Qf3 Bd6 21. Bd3 Rc3 22. Bxf5 Rxe3 23. Qc6 Bc5 24. Kh1 Qd5 25. Qxd5 Nxd5 26. Rd2 Nc3 27. Rd7 a5 28. Bc2 Ne4 29. Bh4 Re8 30. Rfd1 g6 31. h3 Kg7 32. Bd3 Nf6 33.
Bc4 Nxd7 34. Rxd7 Rf8 35. Bb5 Re4 36. Bg3 Rd4 37. Rb7 Rd1+ 38. Kh2 Bg1+ 39. Kh1 Rc8 40. h4 Rc3 41. Be2 Rdc1 0-1

[Event "GrandPrix_29.05"]
[Site "Chess.com"]
[Date "2020.05.29"]
[Round "6"]
[White "Novoselski"]
[Black "Fandorine"]
[Result "1-0"]
[WhiteElo "2465"]
[BlackElo "2444"]
[TimeControl "600+2"]
[EndTime "12:01:55 PDT"]
[Termination "Novoselski won by resignation"]

1. e4 c5 2. Nf3 d6 3. Bb5+ Nd7 4. c3 Nf6 5. Qe2 a6 6. Ba4 b5 7. Bc2 Bb7 8. O-O c4 9. b3 Rc8 10. b4 e6 11. a4 Be7 12. Na3 bxa4 13. Nxc4 Bxe4 14.
Bxe4 Nxe4 15. Na5 d5 16. Qxa6 Nb6 17. Qb5+ Kf8 18. Nd4 Nd6 19. Qe2 Qd7 20. Bb2 Nbc4 21. Nxc4 Nxc4 22. Rfb1 e5 23. Nf3 f6 24. Bc1 Kf7 25. d3 Nd6 26. Bd2 Rhd8 27. Be1 Qb5 28. Qd1 Ra8 29. Ra2 Ra7 30. Rba1 Rda8 31. Qc2 Bf8 32.
Nd2 d4 33. cxd4 exd4 34. Nf3 Nf5 35. g4 Ne7 36. Nxd4 Qd7 37. Qc4+ Nd5 38. Nc6 Rc7 39. b5 a3 40. f3 Kg8 41. Bg3 Rcc8 42. Qb3 Kh8 43. Re1 Bc5+ 44. d4 Bf8 45. Kg2 Nb6 46. Qe6 Qb7 47. d5 Na4 48. d6 Nc3 49. d7 Qxb5 50.
dxc8=Q 1-0

[Event "GrandPrix_29.05"]
[Site "Chess.com"]
[Date "2020.05.29"]
[Round "6"]
[White "NikolaGry"]
[Black "LuckyLuka04"]
[Result "1-0"]
[WhiteElo "2075"]
[BlackElo "2182"]
[TimeControl "600+2"]
[EndTime "12:02:09 PDT"]
[Termination "NikolaGry won by resignation"]

1. b3 d5 2. Bb2 c6 3. e3 Bf5 4.
c4 e6 5. Nf3 Nf6 6. Nc3 Nbd7 7.
Nh4 Bg4 8. Qc2 Bd6 9. h3 Bh5 10. g4 Bg6 11. Nxg6 hxg6 12. Bg2 Rc8 13. d4 g5 14.
O-O-O Bb4 15. Ne2 c5 16. a3 Ba5 17. dxc5 Rxc5 18. Kb1 Qe7 19. Nd4 a6 20. h4 Rxh4 21. Rxh4 gxh4 22. g5 Ng4 23. Qe2 Qxg5 24. cxd5 e5 25. b4 Rc8 26. bxa5 exd4 27. Rxd4 Ngf6 28. f4 Qg3 29. Qf3 Qe1+ 30. Rd1 Qxa5 31. Bh3 Rc5 32. e4 Nb6 33. d6 Nc4 34. d7+ Kd8 35. Qc3 Qxc3 36.
Bxc3 Nxa3+ 37. Kb2 Nxe4 38. Bb4 Rb5 39. Kxa3 Nf2 40.
Be7+ 1-0

[Event "GrandPrix_29.05"]
[Site "Chess.com"]
[Date "2020.05.29"]
[Round "6"]
[White "madamDD"]
[Black "Nuvas"]
[Result "1/2-1/2"]
[WhiteElo "2353"]
[BlackElo "2255"]
[TimeControl "600+2"]
[EndTime "12:02:15 PDT"]
[Termination "Game drawn by agreement"]

1. e4 c5 2. Nc3 Nc6 3. Bb5 Nd4 4. Nf3 a6 5. Bd3 g6 6. Rb1 Bg7 7. b4 cxb4 8. Rxb4 Nc6 9. Rb1 b5 10. Bb2 Nf6 11. Nd5 O-O 12. Nxf6+ exf6 13. c4 Nb4 14. Be2 bxc4 15. Bxc4 d5 16. exd5 Re8+ 17. Kf1 Nxd5 18. Qb3 Bf5 19. Bxd5 Rb8 20. Bxf7+ Kh8 21. Qc3 Qd3+ 22.
Qxd3 Bxd3+ 23. Kg1 Bxb1 24. Bxe8 Bxa2 25. h4 Rxb2 26. Kh2 Bf8 27. Rc1 Bd6+ 28. g3 Bd5 29. Bc6 Bxf3 30. Bxf3 Rxd2 31. Kg2 Be5 32. Be4 a5 33.
Rc2 Rd4 34. Kf3 a4 35. Ke3 Rb4 36. Bd5 Rb5 37. Rc8+ Kg7 38. Rg8+ Kh6 39. Ke4 Ra5 40. Ra8 Rxa8 41. Bxa8 a3 42. Bd5 Bb2 43. g4 Kg7 44.
f4 h6 45. f5 g5 46. h5 Kf8 47. Ba2 Ke7 48. Kd5 Be5 49. Kc6 Bd6 50. Bb3 Bb4 51. Ba2 Kd8 52. Bb3 Kc8 53. Ba2 Kd8 54. Bb3 Bf8 1/2-1/2

[Event "GrandPrix_29.05"]
[Site "Chess.com"]
[Date "2020.05.29"]
[Round "6"]
[White "Saxar85"]
[Black "Lion_DL"]
[Result "1-0"]
[WhiteElo "2490"]
[BlackElo "2163"]
[TimeControl "600+2"]
[EndTime "12:02:17 PDT"]
[Termination "Saxar85 won by resignation"]

1. Nf3 Nf6 2. g3 g6 3. b3 Bg7 4. Bb2 a5 5. Bg2 a4 6. O-O O-O 7. c4 d6 8. d4 Nbd7 9. Nbd2 e5 10. dxe5 Ng4 11. Qc2 Ngxe5 12. Nxe5 Nxe5 13. h3 Qe7 14. b4 a3 15. Bc3 f5 16. e3 c6 17. Rfe1 Be6 18. f4 Nd7 19. e4 Qf7 20. Rac1 Nf6 21. e5 dxe5 22. Bxe5 Rad8 23. Qc3 Rd7 24. Nb3 Ne4 25.
Bxe4 fxe4 26. Nc5 Bxe5 27. Qxe5 Bxh3 28. Nxd7 Qxd7 29. Rcd1 Qg4 30. Kh2 e3 31. Qxe3 Qh5 32. Kg1 Bg4 33. Rd2 Bf5 34. Rh2 Bh3 35. c5 Qf5 36.
Qb3+ Rf7 37. Re7 Bg4 38. Qxf7+ Qxf7 39. Rxf7 Kxf7 40. Rxh7+ Ke6 41. Rxb7 Kd5 42. Ra7 Kc4 43. Rxa3 Kxb4 44. Re3 Kxc5 45. Kf2 Kb4 46. Ke1 c5 47. Kd2 c4 48. a3+ Ka4 49. Rc3 Be6 50. Ke3 Kb5 51. Kd4 Bf7 52. g4 1-0

[Event "GrandPrix_29.05"]
[Site "Chess.com"]
[Date "2020.05.29"]
[Round "6"]
[White "IljaJoke"]
[Black "Borsuk_Konstantin"]
[Result "1-0"]
[WhiteElo "2243"]
[BlackElo "1829"]
[TimeControl "600+2"]
[EndTime "12:02:20 PDT"]
[Termination "IljaJoke won on time"]

1. d4 Nf6 2. c4 e6 3. g3 Bb4+ 4. Bd2 Qe7 5. Nf3 b6 6. Bg2 Bb7 7. O-O Bxd2 8. Qxd2 d6 9. Qc2 O-O 10. Nc3 c6 11. e4 e5 12. d5 cxd5 13. cxd5 Rc8 14.
Rfc1 Nbd7 15. b4 a5 16. Qb2 Ba6 17. a3 Rc7 18. Nd2 Qd8 19. Nd1 Rac8 20. Ne3 g6 21. h4 b5 22. Bh3 Rxc1+ 23. Rxc1 Rc7 24. Rc6 Nb8 25. Rc3 axb4 26. axb4 Nfd7 27. Qc1 Rxc3 28. Qxc3 Nb6 29. Nb3 Bc8 30. Bf1 Bd7 31. Na5 Qc8 32. Qd2 Na4 33. Nd1 Kg7 34. h5 f6 35. h6+ Kf7 36. f4 exf4 37. gxf4 Qc7 38. Nb3 Nb6 39. Nd4 Nc4 40. Qc3 Qa7 41. Nf2 Qa3 42. Qxa3 Nxa3 43. Nd3 Nc4 44. Kf2 Nd2 45. Bg2 Na6 46. Ke2 Nc4 47. f5 g5 48. Bf3 Ke7 49. Bh5 Nc7 50. Bg6 1-0

[Event "GrandPrix_29.05"]
[Site "Chess.com"]
[Date "2020.05.29"]
[Round "6"]
[White "Sergey_Krivenko"]
[Black "Forking_U"]
[Result "0-1"]
[WhiteElo "2092"]
[BlackElo "2274"]
[TimeControl "600+2"]
[EndTime "12:02:22 PDT"]
[Termination "Forking_U won by resignation"]

1. d4 d5 2. Bf4 Nf6 3. e3 c5 4. Nf3 Nc6 5. Nbd2 cxd4 6. exd4 Qb6 7. Nb3 Bf5 8. c3 e6 9. Be2 h6 10. O-O Be7 11. h3 O-O 12. Ne5 Rfc8 13. Nd3 Ne4 14. f3 Nd6 15. Nbc5 Nc4 16. b3 Na3 17. Qd2 Nb5 18.
Na4 Qd8 19. Ndc5 Nd6 20. Bxd6 Qxd6 21. Nxb7 Qg3 22. Qe1 Qg6 23. Kh1 e5 24. g4 Bc2 25.
dxe5 Nxe5 26. f4 Nd3 27. Qd2 Nc5 28. Nbxc5 Bxc5 29. f5 Be4+ 30. Bf3 Qc6 31. Nxc5 Qxc5 32. Rac1 a5 33. Bxe4 dxe4 34. Qd4 Qc6 35. Rfe1 Re8 36. Kg1 Rad8 37. Qe3 Rd3 38. Qxd3 exd3 39. Rxe8+ Qxe8 0-1